 Dungeon Crawl Stone Soup version 0.30.1 (webtiles) character file.

Game seed: 5419842604009767476

9516 Graphine the Nimble (level 11, -14/84 HPs)
             Began as a Merfolk Gladiator on July 2, 2023.
             Was a High Priest of Makhleb.
             Demolished by a death yak (23 damage)
             ... on level 1 of the Lair of Beasts.
             The game lasted 00:27:12 (9279 turns).

Graphine the Nimble (Merfolk Gladiator)             Turns: 9279, Time: 00:27:13

Health: -14/84     AC:  9    Str: 14    XL:     11   Next: 47%
Magic:  18/18      EV: 20    Int:  8    God:    Makhleb [*****.]
Gold:   28         SH: 17    Dex: 29    Spells: 10/10 levels left

rFire   . . .        M - +6 scimitar (flame)
rCold   . . .        N - +2 tower shield
rNeg    . . .        b - +0 leather armour
rPois   .            m - +2 hat
rElec   +            E - +2 cloak
rCorr   .            (no gloves)
SInv    .            H - +0 pair of boots
Will    +....        R - amulet of Vaarrisu {Faith rElec Dex+3}
Stlth   ++           q - ring of willpower
HPRegen 0.34/turn    s - +6 ring of dexterity
MPRegen 0.16/turn

%: faith
@: studying Staves
A: (nimble swimmer 2), mertail
a: Renounce Religion, Minor Destruction, Lesser Servant of Makhleb, Major
Destruction, Greater Servant of Makhleb


You were on level 1 of the Lair of Beasts.
You worshipped Makhleb.
Makhleb was extremely pleased with you.
You visited 2 branches of the dungeon, and saw 11 of its levels.

You collected 600 gold pieces.
You spent 572 gold pieces at shops.

Inventory:

Hand Weapons
 a - a +3 heavy long sword
 G - a +3 mace
 M - a +6 scimitar of flaming (weapon)
Missiles
 d - 3 throwing nets
 l - 4 atropa-tipped darts
 o - 3 curare-tipped darts
 I - 2 javelins
Armour
 b - a +0 leather armour (worn)
 m - a +2 hat (worn)
 n - a scarf of shadows
 E - a +2 cloak (worn)
 H - a +0 pair of boots (worn)
 N - a +2 tower shield (worn)
Jewellery
 f - a ring of protection from cold
 j - a +4 ring of protection
 k - a ring of protection from fire
 q - a ring of willpower (left hand)
 s - a +6 ring of dexterity (right hand)
 Q - an amulet of regeneration
 R - the amulet of Vaarrisu (around neck) {Faith rElec Dex+3}
   (You acquired it on level 2 of the Dungeon)

   [amulet of faith]

   It allows you to gain divine favour quickly.
   Dex:       It affects your dexterity (+3).
   rElec:     It insulates you from electricity.
Wands
 e - a wand of polymorph (11)
 v - a wand of digging (5)
Scrolls
 r - 3 scrolls of amnesia
 u - a scroll of silence
 A - a scroll of identify
 F - 2 scrolls of poison
 K - a scroll of fog
 P - a scroll of brand weapon
Potions
 c - 2 potions of might
 g - 2 potions of attraction
 h - a potion of curing
 i - 2 potions of haste
 p - 5 potions of heal wounds
 t - a potion of cancellation
 w - 4 potions of brilliance
 x - a potion of mutation
 z - a potion of resistance {unknown}
 B - 6 potions of flight {unknown}
 C - a potion of lignification {unknown}
 D - a potion of magic {unknown}


   Skills:
 + Level 7.6 Fighting
 * Level 11.8 Long Blades
 - Level 4.3 Throwing
 * Level 12.8 Dodging
 * Level 9.5 Invocations


You had 10 spell levels left.
You didn't know any spells.
Your spell library contained the following spells:

 Spells                   Type           Power      Damage    Failure   Level
 Shock                    Conj/Air       0%         1d3       100%        1
 Gell's Gravitas          Tloc           0%         N/A       100%        3
 Stone Arrow              Conj/Erth      0%         3d7       100%        3
 Swiftness                Air            0%         N/A       100%        3
 Teleport Other           Tloc           0%         N/A       100%        3
 Airstrike                Air            0%         2d(0-16)  100%        4
 Animate Armour           Summ/Erth      0%         N/A       100%        4
 Dispersal                Tloc           0%         N/A       100%        6
 Lehudib's Crystal Spear  Conj/Erth      0%         10d2      100%        8


Dungeon Overview and Level Annotations

Branches:
Dungeon (10/15)            Temple (0/1) D:4            Lair (1/5) D:10
    Orc: D:9-12

Altars:
Elyvilon
Fedhas
Gozag
Hepliaklqana
Kikubaaqudgha
Makhleb
Okawaru
Trog
Uskayaw
Yredelemnul

Shops:
D:2 ?   D:4 (   D:8 (

Portals:
Trove: D:10 (give 5 scrolls of fog)


Innate Abilities, Weirdness & Mutations

((You are very nimble when in or above water. (Stealth+, EV+, Speed+++)))
Your lower body shifts to a powerful aquatic tail in water.


Message History

Hit: M) +6 scimitar (flame)
Press: ? - help, Dir - move target, f/p - death yak
Aim: a death yak (lightly wounded, ally target, about 14% to evade your +6 scimitar of flaming)
You slash the death yak! You burn the death yak.
The death yak is moderately wounded.
Your orange demon stings the death yak from afar.
The death yak gores you.
* * * LOW HITPOINT WARNING * * *
Hit: M) +6 scimitar (flame)
Press: ? - help, Dir - move target, f/p - death yak
Aim: a death yak (moderately wounded, ally target, about 14% to evade your +6 scimitar of flaming)
You slash the death yak! You burn the death yak.
The death yak is heavily wounded.
Your orange demon stings the death yak from afar!
The death yak completely misses you.
Hit: M) +6 scimitar (flame)
Press: ? - help, Dir - move target, f/p - death yak
Aim: a death yak (severely wounded, ally target, about 14% to evade your +6 scimitar of flaming)
You hit the death yak but do no damage.
The death yak is severely wounded.
Your orange demon stings the death yak from afar.
The death yak misses you.
Your orange demon stings the death yak but does no damage.
Hit: M) +6 scimitar (flame)
Press: ? - help, Dir - move target, f/p - death yak
Aim: a death yak (severely wounded, not watching you, ally target, about 14% to evade your +6 scimitar of flaming)
You barely miss the death yak.
The death yak is severely wounded.
The death yak gores you but does no damage.
Your orange demon stings the death yak from afar.
The death yak gores you!
* * * LOW HITPOINT WARNING * * *
Hit: M) +6 scimitar (flame)
Press: ? - help, Dir - move target, f/p - death yak
Aim: a death yak (severely wounded, ally target, about 14% to evade your +6 scimitar of flaming)
You hit the death yak. You burn the death yak.
The death yak is severely wounded.
Your orange demon stings the death yak from afar.
The death yak gores you!!
You die...

.........# #... #####....#
#... #....## #..#
#####)...P# #..#
#..#.....## #..#
..†......## #..##
#######...# ###
##...#########
##..#####.####.............
#.......4@YY.....[........
#.......######.###.#......
#.......# ### ###.....#
#.......# ##......
#.......# #......#
#.......# ##.....#
#........# #.....#
#.......## #...... #.....P


You could see 2 death yaks and a friendly orange demon (summoned).

Vanquished Creatures
  2 death yaks (Lair:1)
  Pikel (D:7)
  An efreet (D:8)
  A kobold demonologist (D:9)
  A komodo dragon (D:10)
  A hornet (D:10)
  Prince Ribbit (D:7)
  A slime creature (D:6)
  Sigmund (D:2)
  A wyvern (D:9)
  9 yaks
  4 water elementals (D:10)
  Menkaure (D:6)
  3 water moccasins
  Duvessa (D:7)
  An acid dragon (D:9)
  An ice beast (D:5)
  3 orc warriors
  4 sky beasts
  3 black bears
  An ogre (D:4)
  3 centaurs
  A lemure (D:7)
  A phantom (D:6)
  A kobold brigand (D:9)
  6 bullfrogs
  A gnoll sergeant (D:5)
  2 scorpions (D:6)
  5 wights (D:8)
  Dowan (D:7)
  4 killer bees (D:9)
  2 howler monkeys (D:8)
  5 orc priests
  Crazy Yiuf (D:5)
  A gnoll bouda (D:6)
  3 hounds
  4 jellies (D:6)
  4 sleepcaps (D:5)
  3 iguanas
  Ijyb (D:4)
  Terence (D:3)
  7 orc wizards
  Natasha (thrice) (D:2)
  Robin (D:3)
  10 gnolls
  3 adders
  A white imp (D:5)
  3 ufetubi
  3 worms
  3 dart slugs
  21 orcs
  17 endoplasms
  A giant cockroach (D:1)
  14 goblins
  7 hobgoblins
  6 jackals
  16 kobolds
  5 quokkas
  4 ball pythons
  6 bats
  6 frilled lizards
  4 rats
233 creatures vanquished.

Vanquished Creatures (collateral kills)
  An orc priest (D:8)
  3 orcs (D:8)
4 creatures vanquished.

Grand Total: 237 creatures vanquished

Notes
Turn   | Place    | Note
-------+----------+-------------------------------------------
     0 | D:1      | Graphine the Merfolk Gladiator began the quest for the Orb.
     0 | D:1      | Reached XP level 1. HP: 16/16 MP: 1/1
   142 | D:1      | Reached XP level 2. HP: 21/22 MP: 2/2
   274 | D:1      | Reached XP level 3. HP: 23/28 MP: 3/3
   571 | D:1      | Found a faded altar of an unknown god.
   601 | D:1      | Prayed at the altar of an unknown god.
   601 | D:1      | Became a worshipper of Makhleb the Destroyer
   601 | D:1      | Reached * piety under Makhleb
   805 | D:2      | You fall into a shaft and drop 2 floors!
  1033 | D:2      | Found Zomogal's Magic Scroll Emporium.
  1036 | D:2      | Reached XP level 4. HP: 33/34 MP: 4/4
  1172 | D:2      | Noticed Natasha
  1180 | D:2      | Killed Natasha
  1212 | D:2      | Noticed Sigmund
  1220 | D:2      | Killed Sigmund
  1221 | D:2      | Reached skill level 5 in Long Blades
  1221 | D:2      | Reached skill level 5 in Dodging
  1221 | D:2      | Reached XP level 5. HP: 41/41 MP: 5/5
  1221 | D:2      | Reached XP level 6. HP: 47/47 MP: 6/6
  1474 | D:2      | Noticed Natasha
  1488 | D:2      | Killed Natasha
  1638 | D:2      | Noticed Natasha
  1644 | D:2      | Killed Natasha
  1726 | D:3      | Reached ** piety under Makhleb
  1732 | D:3      | Noticed Terence
  1743 | D:3      | Killed Terence
  2058 | D:3      | Reached skill level 6 in Dodging
  2371 | D:3      | Noticed Robin
  2385 | D:3      | Killed Robin
  2570 | D:4      | Noticed Ijyb
  2579 | D:4      | Killed Ijyb
  2620 | D:4      | Reached skill level 1 in Invocations
  2620 | D:4      | Reached XP level 7. HP: 50/52 MP: 7/7
  2724 | D:4      | Found an ancient bone altar of Kikubaaqudgha.
  2794 | D:4      | Found a staircase to the Ecumenical Temple.
  2833 | D:4      | Found Gasiemin's Antique Weapon Shoppe.
  3188 | D:5      | Entered Level 5 of the Dungeon
  3399 | D:5      | Reached skill level 7 in Dodging
  3418 | D:5      | Reached XP level 8. HP: 31/60 MP: 10/10
  3523 | D:5      | Found an iron altar of Okawaru.
  3638 | D:5      | Found a runed translucent door.
  3639 | D:5      | Noticed Crazy Yiuf
  3648 | D:5      | Killed Crazy Yiuf
  4134 | D:5      | Reached *** piety under Makhleb
  4282 | D:6      | Noticed Menkaure
  4288 | D:6      | Killed Menkaure
  4422 | D:6      | Reached skill level 8 in Dodging
  4475 | D:6      | Noticed a slime creature
  4499 | D:6      | Killed a slime creature
  4506 | D:6      | Reached skill level 5 in Fighting
  4506 | D:6      | Reached XP level 9. HP: 53/68 MP: 12/12
  4569 | D:6      | Reached skill level 5 in Invocations
  4583 | D:6      | Reached skill level 9 in Dodging
  4621 | D:6      | Reached **** piety under Makhleb
  4639 | D:6      | Reached skill level 10 in Dodging
  4794 | D:6      | Found a bloodstained altar of Trog.
  4978 | D:6      | Found a basalt altar of Yredelemnul.
  5040 | D:6      | Found a hide-covered altar of Uskayaw.
  5274 | D:7      | Noticed Pikel
  5274 | D:7      | Noticed Prince Ribbit
  5279 | D:7      | Noticed Dowan
  5283 | D:7      | Noticed Duvessa
  5294 | D:7      | Killed Pikel
  5295 | D:7      | Reached XP level 10. HP: 51/76 MP: 13/15
  5310 | D:7      | Killed Duvessa
  5318 | D:7      | Killed Prince Ribbit
  5322 | D:7      | Killed Dowan
  5505 | D:7      | Reached skill level 10 in Long Blades
  5781 | D:7      | Reached skill level 11 in Dodging
  5784 | D:7      | Found an opulent altar of Gozag.
  6231 | D:8      | Found Noituaf's Antique Weapon Shoppe.
  6684 | D:2      | Bought a scroll of acquirement for 572 gold pieces
  6685 | D:2      | Acquired the amulet of Vaarrisu {Faith rElec Dex+3}
  6891 | D:9      | Found a white marble altar of Elyvilon.
  7424 | D:9      | Found a blossoming altar of Fedhas.
  7424 | D:9      | Found a hazy altar of Hepliaklqana.
  7571 | D:9      | Reached ***** piety under Makhleb
  7773 | D:9      | Identified the +8 quarterstaff of Urrij {heavy, rPois Int+3
                  | SInv}
  8167 | D:9      | Noticed a kobold demonologist
  8174 | D:9      | Killed a kobold demonologist
  8175 | D:9      | Reached skill level 12 in Dodging
  8175 | D:9      | Reached XP level 11. HP: 84/84 MP: 17/17
  8259 | D:10     | Entered Level 10 of the Dungeon
  8416 | D:10     | Found a staircase to the Lair.
  9076 | D:10     | Found a portal to a secret trove of treasure.
  9107 | Lair:1   | Entered Level 1 of the Lair of Beasts
  9224 | Lair:1   | Noticed a death yak
  9227 | Lair:1   | Noticed a death yak
  9230 | Lair:1   | Noticed a death yak
  9232 | Lair:1   | Noticed a death yak
  9268 | Lair:1   | Killed a death yak
  9272 | Lair:1   | Killed a death yak
  9279 | Lair:1   | Demolished by a death yak

Illustrated notes

Levels and vault maps discovered:
D:1:      nzn_arrival_crosshair, layout_rooms,
          shapermc_ecumenical_altar_notcrosses, chequers_avenue
D:2:      layout_loops_cross, serial_shops, shop, nicolae_titane, uniq_natasha,
          uniq_sigmund
D:3:      layout_loops_ring, uniq_robin, uniq_terence
D:4:      layout_basic, nicolae_kikubaaqudgha_miasma_corner,
          minmay_temple_entry_waves, serial_shops,
          nicolae_shop_tiny_statue_garden, uniq_ijyb
D:5:      layout_basic, lemuel_doored_altar, grunt_decor_resistance,
          hellmonk_no_cap, uniq_crazy_yiuf_cottage
D:6:      lemuel_slime, layout_basic, mainiacjoe_overflow_alcove_4,
          nicolae_uskayaw_dance_hall, general_overflow_altar, uniq_menkaure
D:7:      layout_rooms, grunt_gozag_statues, uniq_pikel, uniq_duvessa,
          uniq_prince_ribbit1
D:8:      layout_rooms, serial_shops, shop, serial_rivers,
          chequers_serial_rivers_micro_a, chequers_serial_rivers_large_b,
          chequers_serial_rivers_marsh, chequers_serial_rivers_micro_c,
          chequers_serial_rivers_small_a, chequers_serial_rivers_small_a
D:9:      layout_layer_cave, mainiacjoe_overflow_divided_tiny,
          mainiacjoe_overflow_alcove_1, hangedman_abyss_or_decor_stagger
D:10:     layout_loops_ring, lair_entry_dummy, enter_trove_3,
          grunt_decor_arrowhead, nicolae_underground_beach
Lair:1:   gammafunk_worm_tunnel, layout_chaotic_city, serial_bayou_shore_b,
          serial_bayou_shore_b, serial_bayou_shore_b, serial_bayou_shore_b,
          lemuel_fruit_tree

Skill      XL: |  1  2  3  4  5  6  7  8  9 10 11 |
---------------+----------------------------------+-----
Long Blades    | 4 5 6 7 9 11 | 11.8
Throwing       | 3 4 |  4.3
Fighting       | 3 4 5 6 7 |  7.6
Dodging        | 5 6 7 8 10 12 | 12.8
Invocations    | 1 3 4 7 8 9 |  9.5

Action                     |  1- 3 |  4- 6 |  7- 9 | 10-12 || total
---------------------------+-------+-------+-------+-------++-------
  Melee: Long sword        |   104 |   139 |   152 |    70 ||   465
         Punch             |     2 |     1 |     3 |     2 ||     8
         Scimitar          |       |       |       |   120 ||   120
  Throw: Stone             |     6 |    25 |       |       ||    31
         Throwing net      |       |     1 |       |       ||     1
         Dart              |       |     5 |       |       ||     5
         Javelin           |       |     2 |       |       ||     2
 Invoke: Minor Destruction |       |       |   109 |   103 ||   212
         Lesser Servant of |       |       |       |     2 ||     2
    Use: Scroll            |       |    13 |     5 |    13 ||    31
         Potion            |       |       |     3 |     2 ||     5
   Stab: Sleeping          |     1 |     2 |       |     1 ||     4
         Distracted        |       |     1 |       |       ||     1
 Armour: Leather armour    |    35 |    44 |    34 |    35 ||   148
  Dodge: Dodged            |    56 |   108 |   168 |   151 ||   483
  Block: Tower shield      |       |       |       |   117 ||   117
